 Dungeon Crawl Stone Soup version 0.30-a0-242-g7bf8e6d787 (webtiles) character file.

Game seed: 14322719410167130922

3033 kae the Ruffian (level 9, -5/81 (88) HPs)
             Began as a Red Draconian Transmuter on Oct 11, 2022.
             Was an Initiate of Ru.
             Hit by a javelin thrown by a wight (12 damage)
             ... on level 9 of the Dungeon.
             The game lasted 00:06:47 (8503 turns).

kae the Ruffian (Red Draconian Transmuter)          Turns: 8503, Time: 00:06:48

HP:   -5/81 (88)    AC:  7    Str: 13    XL:     9   Next: 56%
MP:   11/16         EV: 10    Int: 18    God:    Ru [......]
Gold: 486           SH:  0    Dex: 11    Spells: 5/18 levels left

rFire   x . .      SeeInvis .      - Unarmed
rCold   + + +      Faith    .    (shield currently unavailable)
rNeg    . . .      Spirit   .    (body armour unavailable)
rPois   +          Reflect  .    (helmet currently unavailable)
rElec   .          Harm     .    (cloak currently unavailable)
rCorr   .          Rampage  .    (gloves currently unavailable)
Will    .....                    (boots currently unavailable)
Stlth   +.........               (no amulet)
HPRegen 0.33/turn                P - ring of poison resistance
MPRegen 0.15/turn                C - ring of protection from cold

@: ice-form, studying Axes, drained
A: freezing attack, amphibious, boosted hp, (breathe fire), AC +7, large,
unfitting armour, (fire resistance 1), (cold-blooded)
a: End Transformation, Renounce Religion


You were on level 9 of the Dungeon.
You worshipped Ru.
Ru was noncommittal.
You were a creature of crystalline ice.
You visited 2 branches of the dungeon, and saw 10 of its levels.

You collected 486 gold pieces.


Innate Abilities, Weirdness & Mutations

You are a creature of crystalline ice.
You have a powerful freezing melee attack.
You are amphibious.
Your maximum health is increased.
Your armour is entirely melded.
You are incapable of wielding weapons or throwing items.
((You can breathe blasts of fire.))
((Your fiery red scales are hard. (AC +7)))
You cannot fit into any form of body armour.
((Your flesh is heat resistant. (rF+)))
((You are cold-blooded and may be slowed by cold attacks.))


   Skills:
 + Level 5.6 Fighting
 - Level 1.7 Dodging
 * Level 7.8 Unarmed Combat
 + Level 5.1 Spellcasting
 + Level 5.4 Transmutations
 * Level 5.1 Ice Magic
 - Level 2.5 Poison Magic


You had 5 spell levels left.
You knew the following spells:

 Your Spells              Type           Power      Damage    Failure   Level
a - Beastly Appendage     Tmut           48%        N/A       1%          1
b - Wereblood             Tmut           24%        N/A       2%          2
c - Spider Form           Tmut/Pois      18%        N/A       8%          3
d - Ice Form              Ice/Tmut       23%        N/A       16%         4
e - Frozen Ramparts       Ice            46%        1d7       4%          3

Your spell library contained the following spells:

 Spells                   Type           Power      Damage    Failure   Level
 Magic Dart               Conj           16%        1d3       13%         1
 Blink                    Tloc           8%         N/A       21%         2
 Momentum Strike          Conj/Tloc      8%         3d8       21%         2
 Searing Ray              Conj           8%         2d4       21%         2
 Lesser Beckoning         Tloc           8%         N/A       36%         3
 Tukima's Dance           Hex            4%         N/A       36%         3
 Summon Ice Beast         Ice/Summ       13%        N/A       41%         4
 Yara's Violent Unravell  Hex/Tmut       7%         3d5       77%         5
 Fulminant Prism          Conj/Hex       2%         3d6       78%         4
 Passage of Golubria      Tloc           4%         N/A       78%         4

Inventory:

Missiles
 b - 62 stones
 c - 25 poisoned darts
 k - 3 throwing nets {=f!f}
 u - a curare-tipped dart {=f}
 x - 6 boomerangs
Armour
 r - a +0 cloak (melded)
   (You found it on level 4 of the Dungeon)
Jewellery
 C - a ring of protection from cold (right front paw)
   (You found it on level 2 of the Dungeon)
 P - a ring of poison resistance (left front paw)
   (You found it on level 3 of the Dungeon)
 R - a ring of resist corrosion
   (You found it on level 1 of the Dungeon)
Wands
 g - a wand of quicksilver (4)
   (You found it on level 3 of the Dungeon)
 v - a wand of flame (5)
   (You took it off Eustachio on level 6 of the Dungeon)
 z - a wand of charming (16)
   (You found it on level 7 of the Dungeon)
Scrolls
 h - 3 scrolls of fear
 i - 4 scrolls of identify {@r1}
 n - a scroll of enchant weapon {unknown}
 o - a scroll of torment {unknown}
 q - 3 scrolls of magic mapping {!r}
 s - 7 scrolls of teleportation {unknown}
 t - a scroll of noise {unknown}
 w - a scroll of immolation {unknown}
 y - a scroll of amnesia {unknown}
 B - a scroll of vulnerability {!r!r}
 D - a scroll of fog {unknown}
 E - a scroll of enchant armour {unknown}
 F - a scroll of silence {unknown}
 G - a scroll of summoning {unknown}
Potions
 a - 3 potions of lignification {!q}
 d - 6 potions of mutation {unknown}
 e - 6 potions of curing {@q1}
 f - 3 potions of flight
 j - a potion of haste {@q3}
 l - 3 potions of cancellation
 m - 3 potions of degeneration {unknown}
 p - a potion of resistance {unknown}
 A - a potion of might {unknown}
 H - a potion of attraction {unknown}
 I - a potion of berserk rage {unknown}

Dungeon Overview and Level Annotations

Branches:
Dungeon (9/15) Zot: 26490  Temple (1/1) D:7 Zot: 5985
   Lair: D:8-11         Orc: D:9-12

Altars:
Ashenzari
Cheibriados
Dithmenos
Elyvilon
Fedhas
Gozag
Hepliaklqana
Kikubaaqudgha
Makhleb
Nemelex Xobeh
Okawaru
Qazlal
Ru
Sif Muna
Trog
Uskayaw
Vehumet
Xom
Yredelemnul
Zin
The Shining One

Shops:
D:2

( #### ##### ...# #...#
##.# #...# ##.# #.○.# ##.#
###.#B..# ##.# #...#...#
##.# #...#<..# ##.#
#...#...# ##.# #...#Y..#
##.# #...#...# ##.#
#)..#z..# . ##.# #)).#.z.#
z.. ##.# #.).....##.....
##.# #......>z...$.. ##.#
######...#......[.<.
##.####.)).)..............
##....)†.)~≈~~≈...........


You could see a boulder beetle (rolling) and 3 wights.


Message History

a +0 dagger; an orc corpse
Found a stone staircase leading up. 😎 HP[+59] MP[+11]
You now have 74 max hp (-14).
Your hp is fully restored (74).
Your mp is fully restored (16).
s - 7 scrolls labelled SEIXKE VORIUL (gained 1)
Found a stone staircase leading up.
A boulder beetle comes into view.
There is a stone staircase leading down here.
A boulder beetle is nearby!
A boulder beetle is nearby!
Casting: Frozen Ramparts (dangerous; 4% risk of failure)
Confirm with . or Enter, or press ? or * to list all spells.
You turn into a creature of crystalline ice.
Your +0 cloak melds into your body. 😎 HP[+14] MP[-4]
You now have 88 max hp (+14).
Your hp is fully restored (88).
You lost 4 mp, and now have 12/16 mp.
Casting: Ice Form (dangerous; 16% risk of failure)
Confirm with . or Enter, or press ? or * to list all spells.
Casting: Frozen Ramparts (dangerous; 4% risk of failure)
Press: ? - help, Dir - look around, f - activate A stone staircase leading down.
The walls around you are covered in ice.
The wall freezes the boulder beetle! 😎 MP[-3]
You lost 3 mp, and now have 9/16 mp.
The wall freezes the boulder beetle but does no damage.
You pummel the boulder beetle!! You freeze the boulder beetle.
The wall freezes the boulder beetle but does no damage.
The boulder beetle bites you. 😕 HP[-2]
You take 2 damage, and now have 86/88 hp.
You hit the boulder beetle. You freeze the boulder beetle.
The wall freezes the boulder beetle but does no damage.
The boulder beetle leaps!
A wight comes into view. It is wielding a +4 dire flail.
The boulder beetle curls into a ball and begins rolling! 😕 HP[+1] MP[+1]
The wight completely resists.
The wall freezes the wight but does no damage.
A wight comes into view. It is wielding a +0 halberd.
The wight completely resists.
The wall freezes the wight but does no damage.
You hit the wight but do no damage.
The frozen ramparts melt away. 😎 HP[+1]
Your hp is fully restored (88).
You hit the wight but do no damage. The boulder beetle closely misses you.
The boulder beetle stops rolling and uncurls.
The wight hits you with a +4 dire flail.
You feel drained.
A wyvern comes into view. 😕 HP[-9]
You now have 87 max hp (-1).
You take 9 damage, and now have 79/87 hp.
The wyvern hisses angrily.
You hit the boulder beetle but do no damage.
The boulder beetle bites you!
A wight comes into view. It is wielding a +1 halberd. 😕 HP[-12]
You take 12 damage, and now have 67/87 hp.
Unknown command.
You hit the boulder beetle but do no damage.
The boulder beetle bites you.
The wight hits you with a +4 dire flail!
You feel drained.
* * * LOW HITPOINT WARNING * * *
The wight misses you. 😨 HP[-25]
You now have 85 max hp (-2).
You take 25 damage, and now have 42/85 hp.
MASSIVE DAMAGE!! (PAUSE)
As you read the scroll of fear, it crumbles to dust.
You assume a fearsome visage.
The wight is unaffected.
The wight is unaffected.
The wight is unaffected.
The wyvern looks frightened!
The boulder beetle looks frightened!
The boulder beetle leaps!
The wight hits you with a +4 dire flail!
* * * LOW HITPOINT WARNING * * *
The wight closely misses you. 😨 HP[-13] MP[+1]
You take 13 damage, and now have 29/85 hp.
Unknown command.
The boulder beetle leaps!
The wight hits you with a +4 dire flail!
* * * LOW HITPOINT WARNING * * *
😱 HP[-8]
You take 8 damage, and now have 21/85 hp.
The wight barely misses you. 😨 HP[+1]
The boulder beetle curls into a ball and begins rolling!
The wight attacks as you move away!
The wight hits you with a +4 dire flail!
* * * LOW HITPOINT WARNING * * *
You feel drained.
* * * LOW HITPOINT WARNING * * *
The wight throws a javelin.
The javelin pierces through you!
You die...

Skill      XL: |  1  2  3  4  5  6  7  8  9 |
---------------+----------------------------+-----
Fighting       | 2 3 4 5 |  5.6
Poison Magic   | 1 2 |  2.5
Unarmed Combat | 4 5 7 |  7.8
Transmutations | 3 4 5 |  5.4
Spellcasting   | 3 4 5 |  5.1
Ice Magic      | 1 2 4 5 |  5.1
Dodging        | |  1.7

Action                   |  1- 3 |  4- 6 |  7- 9 || total
-------------------------+-------+-------+-------++-------
Melee: Unarmed           |    83 |   115 |   147 ||   345
       Kick              |    18 |     5 |       ||    23
       Headbutt          |     9 |     7 |       ||    16
       Tailslap          |     5 |     6 |       ||    11
       Punch             |     2 |     2 |       ||     4
 Cast: Beastly Appendage |    28 |     7 |       ||    35
       Spider Form       |       |    17 |     7 ||    24
       Ice Form          |       |       |    21 ||    21
       Frozen Ramparts   |       |       |     8 ||     8
 Abil: Breathe Fire      |       |       |     2 ||     2
  Use: Scroll            |     7 |       |     1 ||     8
 Stab: Sleeping          |       |     1 |       ||     1
Armor: Skin              |    17 |     9 |    31 ||    57
Dodge: Dodged            |    46 |    74 |    82 ||   202

Levels and vault maps discovered:
D:1:      amcnicky_arrival_abandoned_market, layout_basic,
          hellmonk_ecumenical_altar_watching_god, hex_tiny, hex_large
D:2:      minmay_angry_zag, layout_loops_corners, serial_shops, shop_statue,
          kennysheep_path_1
D:3:      layout_rooms, kennysheep_decorative_pillar
D:4:      layout_basic, mainiacjoe_overflow_large_starburst
D:5:      nicolae_cairo_tiling, layout_rooms
D:6:      layout_basic, grunt_temple_overflow_open,
          hangedman_decor_clover_reticule, minmay_manual_monstrance,
          uniq_eustachio
D:7:      layout_layer_cave, temple_hall
D:8:      layout_gridville
D:9:      minmay_twisted_water, layout_long_grid, kennysheep_little_box
Temple:   nicolae_temple_no_exploring_needed

Notes
Turn   | Place    | Note
-------+----------+-------------------------------------------
     0 | D:1      | kae the Draconian Transmuter began the quest for the Orb.
     0 | D:1      | Reached XP level 1. HP: 16/16 MP: 3/3
     0 | D:1      | magus.rc [v1.11.3]
   238 | D:1      | Reached XP level 2. HP: 21/23 MP: 3/5
   298 | D:1      | Learned a level 2 spell: Wereblood
   345 | D:1      | Reached XP level 3. HP: 29/29 MP: 4/6
   358 | D:1      | Learned a level 3 spell: Spider Form
   467 | D:1      | Found a faded altar of an unknown god.
   468 | D:1      | Noticed a shining eye
   470 | D:1      | Noticed an eye of devastation
   470 | D:1      | Noticed a floating eye
   470 | D:1      | Noticed a floating eye
  1324 | D:2      | Found Oxealam's Weapon Boutique.
  1899 | D:3      | Reached skill level 2 in Fighting
  2085 | D:3      | Reached XP level 4. HP: 36/36 MP: 7/7
  2272 | D:3      | Reached skill level 1 in Poison Magic
  2394 | D:5      | Entered Level 5 of the Dungeon
  2395 | D:5      | Noticed a phantom
  2407 | D:5      | Killed a phantom
  2408 | D:5      | Reached skill level 4 in Unarmed Combat
  2408 | D:5      | Reached XP level 5. HP: 42/42 MP: 6/9
  2457 | D:5      | Reached skill level 2 in Poison Magic
  2737 | D:5      | You pick up a book of Conjurations and begin reading...
  2737 | D:5      | You add the spells Magic Dart, Searing Ray and Fulminant
                  | Prism to your library.
  2745 | D:5      | Reached skill level 3 in Transmutations
  2756 | D:5      | Reached skill level 3 in Spellcasting
  2756 | D:5      | Reached XP level 6. HP: 43/50 MP: 6/10
  2765 | D:5      | Learned a level 4 spell: Ice Form
  3015 | D:5      | You pick up a book of Spatial Translocations and begin
                  | reading...
  3015 | D:5      | You add the spells Blink, Momentum Strike and Lesser
                  | Beckoning to your library.
  3025 | D:5      | Noticed a water moccasin
  3091 | D:4      | Found a shimmering blue altar of Sif Muna.
  3096 | D:4      | Found a stormy altar of Qazlal.
  3105 | D:4      | Reached skill level 3 in Fighting
  3148 | D:4      | Reached skill level 1 in Ice Magic
  3271 | D:4      | You pick up a book of Rime and begin reading...
  3271 | D:4      | You add the spells Frozen Ramparts and Summon Ice Beast to
                  | your library.
  3341 | D:4      | Identified the +6 spear "Niacaups" {flame, Drain Str+4
                  | Stlth+}
  3485 | D:4      | You add the spells Tukima's Dance, Passage of Golubria and
                  | Yara's Violent Unravelling to your library.
  4063 | D:5      | Killed a water moccasin
  4064 | D:5      | Reached skill level 5 in Unarmed Combat
  4064 | D:5      | Reached skill level 2 in Ice Magic
  4064 | D:5      | Your scales start taking on a fiery red colour.
  4064 | D:5      | Reduced skill Ice Magic to level 1
  4064 | D:5      | Reached XP level 7. HP: 41/57 MP: 4/12
  4064 | D:5      | Gained mutation: Your flesh is heat resistant. (rF+) [Red
                  | Draconian growth]
  4490 | D:6      | Noticed Eustachio
  4503 | D:6      | Killed Eustachio
  4504 | D:6      | Reached skill level 2 in Ice Magic
  4718 | D:6      | Found a shadowy altar of Dithmenos.
  4892 | D:6      | Found a white marble altar of Elyvilon.
  4892 | D:6      | Found a shimmering altar of Xom.
  4896 | D:6      | Found a hide-covered altar of Uskayaw.
  5037 | D:6      | Reached skill level 4 in Fighting
  5037 | D:6      | Reached skill level 4 in Transmutations
  5037 | D:6      | Reached XP level 8. HP: 66/66 MP: 8/13
  5049 | D:6      | Reached skill level 6 in Unarmed Combat
  5049 | D:6      | Reached skill level 3 in Ice Magic
  5050 | D:6      | Reached skill level 4 in Spellcasting
  5228 | D:6      | Noticed a hornet
  5236 | D:6      | Killed a hornet
  6166 | D:7      | Reached skill level 4 in Ice Magic
  6315 | D:7      | Reached skill level 7 in Unarmed Combat
  6315 | D:7      | Reached XP level 9. HP: 72/73 MP: 11/15
  6433 | D:7      | Reached skill level 5 in Fighting
  6799 | D:7      | Reached skill level 5 in Transmutations
  7095 | D:7      | Found a staircase to the Ecumenical Temple.
  7334 | Temple   | Entered the Ecumenical Temple
  7341 | Temple   | Became a worshipper of Ru the Awakened
  7354 | D:7      | Learned a level 3 spell: Frozen Ramparts
  8155 | D:9      | Reached skill level 5 in Spellcasting
  8158 | D:9      | Reached skill level 5 in Ice Magic
  8262 | D:9      | HP: 20/88 [orc warrior/+0 halberd (14)]
  8268 | D:9      | HP: 15/88 [orc/+0 dagger (3)]
  8484 | D:9      | Noticed a boulder beetle
  8499 | D:9      | HP: 21/85 [wight/+4 dire flail (8)]
  8503 | D:9      | HP: 8/85 [wight/+4 dire flail (14)]
  8503 | D:9      | Hit by a javelin thrown by a wight

Vanquished Creatures
  A hornet (D:6)
  Eustachio (D:6)
  A wraith (D:7)
  2 water moccasins
  2 orc warriors (D:9)
  2 sky beasts (D:7)
  An ice beast (D:9)
  A black bear (D:5)
  3 ogres (D:6)
  A phantom (D:5)
  2 kobold brigands
  3 bullfrogs
  2 scorpions
  A necrophage (D:4)
  9 wights (D:7)
  An electric eel (D:9)
  2 howler monkeys
  3 hounds
  4 iguanas
  2 orc wizards (D:9)
  A gnoll (D:1)
  6 adders
  A white imp (D:5)
  A worm (D:5)
  A dart slug (D:3)
  20 orcs
  7 ball pythons
  8 endoplasms
  9 goblins
  6 hobgoblins
  4 jackals
  12 kobolds
  3 quokkas
  A bat (D:1)
  A frilled lizard (D:1)
  7 rats
132 creatures vanquished.

Table legend:
 A = Non-vault XP
 B = Vault XP
 C = Vault XP percentage of total XP
 D = Non-vault monster count
 E = Vault monster count
 F = Vault count percentage of total count
                 A         B        C        D         E       F
            +---------+---------+-------+---------+---------+-------
      Total |    3521 |     813 |  18.8 |     121 |      11 |   8.3
            +---------+---------+-------+---------+---------+-------
        D:1 |      60 |       0 |   0.0 |      29 |       0 |   0.0
        D:2 |      10 |       5 |  33.3 |       6 |       3 |  33.3
        D:3 |      43 |       0 |   0.0 |       9 |       0 |   0.0
        D:4 |     140 |       0 |   0.0 |      13 |       0 |   0.0
        D:5 |     704 |       0 |   0.0 |      23 |       0 |   0.0
        D:6 |     531 |     681 |  56.2 |       7 |       7 |  50.0
        D:7 |    1287 |       0 |   0.0 |      16 |       0 |   0.0
        D:8 |     154 |       0 |   0.0 |       3 |       0 |   0.0
        D:9 |     592 |     127 |  17.7 |      15 |       1 |   6.2
            +---------+---------+-------+---------+---------+-------

Illustrated notes

Table legend:
 A = Kills in this place as a percentage of kills in entire the game.
 B = Kills by you in this place as a percentage of kills by you in the entire game.
 C = Kills by friends in this place as a percentage of kills by friends in the entire game.
 D = Other kills in this place as a percentage of other kills in the entire game.
 E = Experience gained in this place as a percentage of experience gained in the entire game.
 F = Experience gained in this place divided by the number of levels of this place that you have seen.
                   A       B       C       D       E      F
               +-------+-------+-------+-------+-------+----------------------
         Total | 100.0 | 100.0 |   N/A |   N/A | 100.0 | 433.4
       Dungeon | 100.0 | 100.0 |   N/A |   N/A | 100.0 | 481.6
               +-------+-------+-------+-------+-------+----------------------

Table legend: (Time is in decaauts)
 A = Elapsed time spent in this place.
 B = Non-inter-level travel time spent in this place.
 C = Inter-level travel time spent in this place.
 D = Time resting spent in this place.
 E = Time spent auto-exploring this place.
 F = Levels seen in this place.
 G = Mean time per level.
                   A        B        C        D        E       F      G
               +--------+--------+--------+--------+--------+-----+--------+
         Total |   8479 |   8104 |    375 |    165 |   6848 |  10 |  847.9 |
       Dungeon |   8464 |   8096 |    368 |    165 |   6848 |   9 |  940.4 |
        Temple |     14 |      8 |      6 |      0 |      0 |   1 |   14.0 |
               +--------+--------+--------+--------+--------+-----+--------+

Top non-repeatable levels by time:
     D:7: 1713 daAuts
     D:6: 1220 daAuts
     D:5: 1090 daAuts
     D:4: 965 daAuts
     D:2: 940 daAuts
     D:1: 933 daAuts
     D:8: 582 daAuts
     D:3: 509 daAuts
     D:9: 508 daAuts
  Temple: 14 daAuts
